 Dungeon Crawl Stone Soup version 0.30-a0-141-g30f27751c5 (webtiles) character file.

Game seed: 10501536789234174993

85 qw the Chopper (level 4, -3/28 HPs)
             Began as a Gargoyle Fighter on Sept 25, 2022.
             Slain by an ogre
             ... wielding a +0 giant club
              (23 damage)
             ... on level 3 of the Dungeon.
             The game lasted 00:00:44 (2042 turns).

qw the Chopper (Gargoyle Fighter)                   Turns: 2042, Time: 00:00:44

Health: -3/28      AC: 11    Str: 20    XL:     4   Next: 48%
Magic:  4/4        EV:  9    Int:  8    God:
Gold:   127        SH:  4    Dex: 13    Spells: 3/3 levels left

rFire   . . .      SeeInvis .    Y - +0 war axe
rCold   . . .      Faith    .    c - +0 buckler
rNeg    + . .      Spirit   .    b - +0 scale mail
rPois   inf        Reflect  .    m - +0 helmet
rElec   +          Harm     .    (no cloak)
rCorr   .          Rampage  .    (no gloves)
Will    .....      Clarity  +    (no boots)
Stlth   ..........               (no amulet)
HPRegen 0.09/turn                (no ring)
MPRegen 0.09/turn                (no ring)

@: no status effects
A: sickness immunity, AC +3, negative energy resistance 1, electricity
resistance, torment resistance 1, petrification resistance, agile 1, clarity
a: no special abilities


You were on level 3 of the Dungeon.
You visited 1 branch of the dungeon, and saw 3 of its levels.

You collected 127 gold pieces.


Innate Abilities, Weirdness & Mutations

You are immune to sickness and miasma.
Your stone body is resilient. (AC +3)
You are immune to poison.
You resist negative energy. (rN+)
You are resistant to electric shocks. (rElec)
You are resistant to unholy torment.
You are immune to petrification.
You are agile. (Dex +4, Str/Int -1)
You possess an exceptional clarity of mind.


   Skills:
 - Level 3.2 Fighting
 - Level 4.0 Axes
 - Level 3.2 Armour
 + Level 0.6 Dodging
 - Level 3.2 Shields


You had 3 spell levels left.
You didn't know any spells.
Your spell library was empty.

Inventory:

Hand Weapons
 n - a +0 flail
 Y - a +0 war axe (weapon)
Armour
 b - a +0 scale mail (worn)
 c - a +0 buckler (worn)
 g - a +0 chain mail
 m - a +0 helmet (worn)
Scrolls
 a - a scroll of identify
 e - a scroll of enchant armour {unknown}
 i - 3 scrolls of teleportation
Potions
 d - a potion of might
 f - a potion of degeneration {unknown}
 h - a potion of mutation
 j - a potion of magic {unknown}
 k - a potion of cancellation {unknown}
 l - a potion of attraction {unknown}
 o - a potion of heal wounds
 p - 2 potions of invisibility {unknown}

Dungeon Overview and Level Annotations

Branches:
Dungeon (3/15)

Altars:

Shops:
D:1 *   D:2 [


Message History

Found an escape hatch in the ceiling.
You see here a staff of air.
Found a stone staircase leading down.
n - a +0 flail
Found a long sword.
There is a stone staircase leading down here.
Enter note:
1969 ||| DROPPING +0 club.
You drop a +0 club.
g - a +0 chain mail A rat comes into view.
Found a brown potion.
You barely miss the rat. You block the rat's attack.
The rat bites you but does no damage.
You hit the rat.
You kill the rat!
p - a brown potion
p - 2 brown potions (gained 1)
A kobold comes into view. It is wielding a +0 short sword.
The kobold shouts!
You slash the kobold!
You kill the kobold!
You see here a +0 short sword.
You see here a +0 short sword.
An ogre and a quokka come into view.
Found a stone staircase leading down.
The ogre shouts!
An adder comes into view.
Enter note:
2037 ||| Stepping ~*~*~tactically~*~*~ (stealth).
You hit the ogre but do no damage. The ogre hits you with a +0 giant club!
2040 ||| Stepping ~*~*~tactically~*~*~ (stealth).
You hit the ogre.
The ogre is lightly wounded.
The ogre closely misses you.
You hit the ogre.
The ogre is moderately wounded.
The ogre hits you with a +0 giant club!!
Ouch! That really hurt!
You die...

###...%.............?..
...#...................
##....................>
##...........<.........
.......................
...................S...
..##.).........S#
..##...........O## .#
...............r@# .##.#####
.................## ..#.....#.
..................####.........
..#.#####............#.........
..#.# ##.............#.........
..#.###..#...........#.........
.....##......##................
....|.#...##...................
..#.......#...###..............


You could see an ogre, an adder and a quokka.

Vanquished Creatures
  5 adders
  A dart slug (D:2)
  6 endoplasms
  5 goblins
  3 hobgoblins
  3 kobolds (D:3)
  4 quokkas
  2 ball pythons
  A frilled lizard (D:1)
  6 rats
36 creatures vanquished.

Notes
Turn   | Place    | Note
-------+----------+-------------------------------------------
     0 | D:1      | qw the Gargoyle Fighter began the quest for the Orb.
     0 | D:1      | Reached XP level 1. HP: 14/14 MP: 1/1
     0 | D:1      | 0 ||| qw: Version: 0.2-a-10-g399e6c4
     0 | D:1      | 0 ||| qw: Game counter: 367
     0 | D:1      | 0 ||| qw: Always use a shield: true
     0 | D:1      | 0 ||| qw: God list: Okawaru
     0 | D:1      | 0 ||| qw: Allow faded altars: false
     0 | D:1      | 0 ||| qw: Do Orc after D:15 true
     0 | D:1      | 0 ||| qw: Do second Lair branch before Depths: true
     0 | D:1      | 0 ||| qw: Lair rune preference: random
     0 | D:1      | 0 ||| qw: Plans: Normal, Zot:1-4, God:TSO, Crypt, Tomb,
                  | Pan, Slime:5, Hells, Abyss, Orb
     0 | D:1      | 0 ||| PLANNING D:1-11
    73 | D:1      | Reached skill level 2 in Axes
    92 | D:1      | Found Vaoreg's Assorted Antiques.
   104 | D:1      | 104 ||| SHOPLISTING amethyst potion (18 gold, have 0).
   104 | D:1      | 104 ||| SHOPLISTING cloak (94 gold, have 0).
   104 | D:1      | 104 ||| SHOPLISTING fizzy ruby potion (18 gold, have 0).
   104 | D:1      | 104 ||| SHOPLISTING glowing orb (252 gold, have 0).
   104 | D:1      | 104 ||| SHOPLISTING scroll labelled RAUTULUIXA (21 gold,
                  | have 0).
   248 | D:1      | Found a faded altar of an unknown god.
   450 | D:1      | Reached XP level 2. HP: 19/19 MP: 2/2
   918 | D:1      | 918 ||| READING 2 scrolls labelled LIXYEG LACI.
   919 | D:1      | 919 ||| READING 4 scrolls labelled QOFOSCHERAO.
   924 | D:1      | 924 ||| READING scroll labelled RAUTULUIXA.
   925 | D:1      | 925 ||| READING scroll labelled VATE LOEGGILUDD.
   926 | D:1      | 926 ||| READING scroll labelled AGUORCHO TYOV.
   927 | D:1      | 927 ||| DRINKING 2 pink potions.
   927 | D:1      | Gained mutation: You possess an exceptional clarity of
                  | mind. [potion of mutation]
   927 | D:1      | Gained mutation: You are agile. (Dex +4, Str/Int -1)
                  | [potion of mutation]
   943 | D:2      | 943 ||| STAIRDANCE
   969 | D:2      | 969 ||| STAIRDANCE
   987 | D:1      | Reached skill level 3 in Axes
  1135 | D:2      | Reached XP level 3. HP: 19/23 MP: 3/3
  1135 | D:2      | 1135 ||| STAIRDANCE
  1221 | D:2      | 1221 ||| Stepping ~*~*~tactically~*~*~ (stealth).
  1384 | D:2      | 1384 ||| Stepping ~*~*~tactically~*~*~ (stealth).
  1403 | D:2      | 1403 ||| Stepping ~*~*~tactically~*~*~ (stealth).
  1515 | D:2      | Found Vaydi's Antique Armour Shop.
  1529 | D:2      | 1529 ||| SHOPLISTING chain mail (112 gold, have 55).
  1529 | D:2      | 1529 ||| SHOPLISTING pair of gloves (112 gold, have 55).
  1695 | D:2      | 1695 ||| UPGRADING to +0 helmet.
  1700 | D:2      | 1700 ||| DRINKING 2 fuming white potions.
  1701 | D:2      | 1701 ||| READING 2 scrolls of identify.
  1701 | D:2      | 1701 ||| IDENTIFYING inky potion
  1702 | D:2      | 1702 ||| DROPPING potion of brilliance.
  1826 | D:3      | Reached XP level 4. HP: 27/28 MP: 4/4
  1872 | D:3      | 1872 ||| Stepping ~*~*~tactically~*~*~ (stealth).
  1906 | D:3      | Reached skill level 4 in Axes
  1969 | D:3      | 1969 ||| DROPPING +0 club.
  2036 | D:3      | Noticed an ogre
  2037 | D:3      | 2037 ||| Stepping ~*~*~tactically~*~*~ (stealth).
  2040 | D:3      | 2040 ||| Stepping ~*~*~tactically~*~*~ (stealth).
  2042 | D:3      | Slain by an ogre

Levels and vault maps discovered:
D:1:      eino_arrival_cavern_a, layout_loops_ring, basic_ecumenical_altar,
          serial_shops, shop
D:2:      layout_rooms, serial_shops, shop, minmay_misc_feat_chi
D:3:      layout_rooms

Skill      XL: |  1  2  3  4 |
---------------+-------------+-----
Axes           | 2 3 4 |  4.0
Fighting       | |  3.2
Armour         | |  3.2
Dodging        | |  0.6
Shields        | |  3.2

Action                   |  1- 3 |  4- 6 || total
-------------------------+-------+-------++-------
Melee: War axe           |   128 |    18 ||   146
  Use: Scroll            |     6 |       ||     6
       Potion            |     2 |       ||     2
Armor: Scale mail        |    65 |     6 ||    71
Dodge: Dodged            |    56 |     2 ||    58
Block: Buckler           |    30 |     2 ||    32

Table legend:
 A = Non-vault XP
 B = Vault XP
 C = Vault XP percentage of total XP
 D = Non-vault monster count
 E = Vault monster count
 F = Vault count percentage of total count
                 A         B        C        D         E       F
            +---------+---------+-------+---------+---------+-------
      Total |     122 |       0 |   0.0 |      36 |       0 |   0.0
            +---------+---------+-------+---------+---------+-------
        D:1 |      31 |       0 |   0.0 |      11 |       0 |   0.0
        D:2 |      36 |       0 |   0.0 |      12 |       0 |   0.0
        D:3 |      55 |       0 |   0.0 |      13 |       0 |   0.0
            +---------+---------+-------+---------+---------+-------
